 Dungeon Crawl Stone Soup version 0.31-a0-210-gccc998df9b (webtiles) character file.

Game seed: 4810198333970341038

63 qw the Shooter (level 4, -2/26 HPs)
             Began as a Gargoyle Hexslinger on June 29, 2023.
             Slain by a gnoll
             ... wielding a +0 club
              (7 damage)
             ... on level 2 of the Dungeon.
             The game lasted 00:00:27 (1236 turns).

qw the Shooter (Gargoyle Hexslinger)                Turns: 1236, Time: 00:00:27

Health: -2/26      AC:  5    Str: 11    XL:     4   Next: 10%
Magic:  5/5        EV: 12    Int: 14    God:
Gold:   121        SH:  0    Dex: 14    Spells: 4/5 levels left

rFire   . . .        Y - +1 sling (chaos)
rCold   . . .        (no shield)
rNeg    + . .        c - +0 robe
rPois   inf          (no helmet)
rElec   +            (no cloak)
rCorr   .            (no gloves)
SInv    .            (no boots)
Will    .....        (no amulet)
Stlth   +            (no ring)
HPRegen 0.24/turn    (no ring)
MPRegen 0.09/turn

%: no passive effects
@: no status effects
A: sickness immunity, AC +3, negative energy resistance 1, electricity
resistance, torment resistance 1, petrification resistance
a: no special abilities


You were on level 2 of the Dungeon.
You visited 1 branch of the dungeon, and saw 2 of its levels.

You collected 121 gold pieces.


Innate Abilities, Weirdness & Mutations

You are immune to sickness and miasma.
Your stone body is resilient. (AC +3)
You are immune to poison.
You resist negative energy. (rN+)
You are resistant to electric shocks. (rElec)
You are resistant to unholy torment.
You are immune to petrification.


   Skills:
 - Level 2.0 Fighting
 + Level 3.9 Ranged Weapons
 - Level 1.5 Dodging
 - Level 1.0 Spellcasting
 - Level 2.6 Hexes


You had 4 spell levels left.
You knew the following spells:

 Your Spells              Type           Power      Damage    Failure   Level
a - Slow                  Hex            32%        N/A       9%          1

Your spell library contained the following spells:

 Spells                   Type           Power      Damage    Failure   Level
 Inner Flame              Hex/Fire       4%         N/A       41%         3
 Portal Projectile        Hex/Tloc       8%         N/A       41%         3
 Cause Fear               Hex            4%         N/A       65%         4

Inventory:

Hand Weapons
 Y - a +1 sling of chaos (weapon)
Armour
 a - a +0 helmet
 c - a +0 robe (worn)
Jewellery
 e - a ring of see invisible
Scrolls
 b - 2 scrolls of enchant armour {unknown}
 h - 4 scrolls of teleportation {unknown}
 j - a scroll of identify
Potions
 d - a potion of degeneration {unknown}
 f - a potion of mutation {unknown}
 g - a potion of curing {unknown}
 i - 2 potions of berserk rage {unknown}

Dungeon Overview and Level Annotations

Branches:
Dungeon (2/15)

Altars:


Message History

The gnoll shouts!
The sling bullet hits the kobold.
You kill the kobold!
You shoot a sling bullet.
The sling bullet hits the gnoll but does no damage.
The gnoll seems to grow stronger.
A gnoll comes into view. It is wielding a +0 flail.
You shoot a sling bullet.
The sling bullet closely misses the gnoll.
The hobgoblin shouts!
The gnoll shouts!
A gnoll comes into view.
It is wielding a +0 club and quivering curare-tipped darts.
You shoot a sling bullet. The gnoll shouts!
The sling bullet hits the gnoll but does no damage.
The gnoll seems to slow down.
The gnoll is no longer moving slowly.
You shoot a sling bullet. The sling bullet hits the gnoll.
The gnoll suddenly seems more resistant.
The gnoll is moderately wounded.
The gnoll throws a curare-tipped dart.
The curare-tipped dart hits you.
You shoot a sling bullet. The sling bullet hits the gnoll.
The gnoll is heavily wounded.
The gnoll hits you with a +0 club.
The gnoll throws a curare-tipped dart.
The curare-tipped dart completely misses you.
You shoot a sling bullet.
The sling bullet barely misses the gnoll.
The gnoll barely misses you.
You shoot a sling bullet.
The sling bullet closely misses the gnoll.
The gnoll hits you but does no damage. The hobgoblin barely misses you.
The gnoll hits you with a +0 club!
You shoot a sling bullet. The sling bullet hits the gnoll!
The gnoll is almost dead.
The hobgoblin hits you. The gnoll hits you with a +0 club!
You shoot a sling bullet.
The sling bullet hits the gnoll but does no damage.
The gnoll is almost dead.
The hobgoblin hits you but does no damage.
The gnoll hits you with a +0 club!
You die...

##...## #.# #.# #.....## ###.#
####.##### .......## ##.#.##
#........#
........####.....#######.#...##.#
........'.......................'
........####...#.####.##.#...##.#
.......## ##.##.####.##....###.#
#.....## #.......#.##.#.## #.#
##...## #..g@...#.##...# #.#
##+## #..ggg..#.##.#.####.#
#.......#...........#
#.......######.###### ..)......#
#.# .)........# #.# ###
....###.#### #.###.## .... #.#
#.##.... #.##...#


You could see 3 gnolls and a hobgoblin.

Vanquished Creatures
  An adder (D:2)
  A gnoll (D:2)
  3 dart slugs
  3 endoplasms
  3 giant cockroaches
  3 goblins (D:1)
  4 hobgoblins
  4 kobolds
  2 quokkas
  6 ball pythons
  A bat (D:1)
  2 frilled lizards
  6 rats
39 creatures vanquished.

Notes
Turn   | Place    | Note
-------+----------+-------------------------------------------
     0 | D:1      | qw the Gargoyle Hexslinger began the quest for the Orb.
     0 | D:1      | Reached XP level 1. HP: 12/12 MP: 2/2
     0 | D:1      | 0 ||| qw: Version: 0.3-a-24-g62f9e04
     0 | D:1      | 0 ||| qw: Game counter: 6690
     0 | D:1      | 0 ||| qw: Melee chars always use a shield: true
     0 | D:1      | 0 ||| qw: God list: Okawaru
     0 | D:1      | 0 ||| qw: Allow faded altars: false
     0 | D:1      | 0 ||| qw: Do Orc after clearing Dungeon:15 true
     0 | D:1      | 0 ||| qw: Do second Lair branch before Depths: true
     0 | D:1      | 0 ||| qw: Lair rune preference: random
     0 | D:1      | 0 ||| qw: Goals: Normal
     0 | D:1      | 0 ||| PLANNING D:1-11
    64 | D:1      | Reached XP level 2. HP: 14/16 MP: 3/3
   155 | D:1      | Reached skill level 3 in Ranged Weapons
   255 | D:1      | Reached XP level 3. HP: 21/21 MP: 4/4
   531 | D:1      | 531 ||| READING scroll labelled MACLEU MEMNO.
   532 | D:1      | 532 ||| READING scroll labelled TURAB VIXUSAEN.
   533 | D:1      | 533 ||| DROPPING scroll of poison.
  1227 | D:2      | Reached XP level 4. HP: 26/26 MP: 5/5
  1235 | D:2      | HP: 5/26 [gnoll/+0 club (9)]
  1236 | D:2      | Slain by a gnoll

Levels and vault maps discovered:
D:1:      ebering_trefoil_twist, layout_rooms, minivault_5
D:2:      layout_loops_corners

Skill      XL: |  1  2 |
---------------+-------+-----
Ranged Weapons | 3 |  3.9
Fighting       | 2 |  2.0
Dodging        | |  1.5
Spellcasting   | |  1.0
Hexes          | |  2.6

Action                     |  1- 3 |  4- 6 || total
---------------------------+-------+-------++-------
   Fire: Sling             |    99 |    10 ||   109
    Use: Scroll            |     2 |       ||     2
 Armour: Robe              |    11 |     2 ||    13
  Dodge: Dodged            |    21 |     3 ||    24

Table legend:
 A = Non-vault XP
 B = Vault XP
 C = Vault XP percentage of total XP
 D = Non-vault monster count
 E = Vault monster count
 F = Vault count percentage of total count
                 A         B        C        D         E       F
            +---------+---------+-------+---------+---------+-------
      Total |      91 |       0 |   0.0 |      39 |       0 |   0.0
            +---------+---------+-------+---------+---------+-------
        D:1 |      44 |       0 |   0.0 |      25 |       0 |   0.0
        D:2 |      47 |       0 |   0.0 |      14 |       0 |   0.0
            +---------+---------+-------+---------+---------+-------
